[Event "Istanbul Open 2017"]
[Site "Istanbul"]
[Date "2017.09.15"]
[Round "6"]
[White "Acarbay, Algi"]
[Black "Soyunlu, Narmin"]
[Result "1/2-1/2"]
[ECO "C04"]
[WhiteElo "1920"]
[BlackElo "2059"]
[Annotator "NA RC"]
[PlyCount "191"]
[EventDate "2017.??.??"]
[EventType "swiss"]
[EventCountry "TUR"]
[SourceTitle "playchess.com"]
[Source "ChessBase"]
[SourceQuality "1"]
[TimeControl "5400+30"]

1. e4 e6 2. d4 d5 3. Nd2 Nc6 4. Ngf3 Nf6 5. e5 Nd7 6. Bd3 Nb4 7. Be2 c5 8. c3 Nc6 9. O-O cxd4 10. cxd4 f6 {[%emt 0:05:30] C04: French Tarrasch: 3...Nc6} 11. exf6 Qxf6 (11... Nxf6 12. Nb3 Bd6 13. Bg5 O-O 14. Bh4 Bd7 15. Bg3 Bxg3 16. hxg3 Ne4 17. Re1 Be8 18. Bd3 Bg6 19. Bxe4 dxe4 20. Nh4 Bf5 {1-0 (67) Rublevsky,S (2692)-Demidov,M (2507) Cheboksary 2016}) 12. Nb3 Bd6 {[%emt 0:02:00] LiveBook: 3 Games} 13. Bd3 ({White should play} 13. Bg5 $14 Qf7 14. Bh4) 13... h6 14. Re1 O-O 15. Bb1 Rd8 (15... Rf7 $11) 16. Qd3 Nf8 17. a3 $146 ({Find the theoretical novelty and annotate with similar games:} 17. Qe3 Bd7 18. Ne5 Be8 19. a3 {1-0 (40) Perekhozhuk,M (1569)-Hoppe,A (1677) Magdeburg 2013}) 17... Bd7 18. Nc5 Bxc5 19. dxc5 Be8 20. Qe3 Bf7 21. Qf4 Nd7 22. Qxf6 $1 gxf6 23. Bxh6 Nxc5 24. b4 Nb3 25. Ra2 e5 $1 26. Rb2 Nbd4 27. Nxd4 Nxd4 28. Rd2 Ne6 (28... Rac8 $11) 29. Red1 ({White should try} 29. Rd3 $16) 29... Nc7 {[%emt 0:09:07] [#]} (29... Bh5 $11 {keeps the balance.} 30. Re1 b6) 30. Bf5 (30. Rd3 $1 $16 e4 31. Rg3+ Kh7 32. Bc1) 30... Bh5 (30... Be8 $1 $11) 31. Rc1 Nb5 32. Rd3 Kf7 33. a4 ({Better is} 33. Rc5 $16 Bg6 34. Bxg6+ (34. Rxb5 Bxf5 35. Rd1 Kg6 $15) (34. Rcxd5 Nd4 $17) (34. Rdxd5 $2 Bxf5 35. Rxb5 b6 $19) 34... Kxg6 35. Rxb5 Kxh6 36. Rbxd5 (36. Rxb7 d4 $14) 36... Rxd5 37. Rxd5) 33... Bg6 34. Bxg6+ Kxg6 35. Be3 e4 36. Rdd1 d4 37. axb5 dxe3 38. fxe3 Rxd1+ (38... Rd3 $11 {remains equal.}) 39. Rxd1 Rc8 40. Kf2 (40. Ra1 $16) 40... Rc3 (40... Rc2+ $11 {remains equal.} 41. Kg3 b6) 41. Rd4 Kf5 42. h4 Rc2+ 43. Kg3 Re2 44. Rd7 Rxe3+ 45. Kf2 Rb3 46. Rxb7 Rxb4 47. Rxa7 Rxb5 48. h5 Kg5 49. Re7 f5 50. Kg3 (50. h6 $11) 50... Rb3+ ({But not} 50... Kxh5 $6 51. Kf4 $11) 51. Kf2 Kxh5 52. Rh7+ (52. Re8 $17 {was called for.}) 52... Kg5 53. Rg7+ Kf6 54. Ra7 (54. Rg8 {was the only chance.}) 54... f4 55. Ra2 Kf5 56. Ra8 Rb2+ 57. Kf1 Rb1+ 58. Ke2 Rb2+ 59. Kf1 Ke5 60. Ra4 (60. Rd8 $142) 60... Rb1+ 61. Ke2 Rb2+ 62. Kf1 Rd2 63. Rb4 e3 64. Ra4 Rd1+ 65. Ke2 Rd2+ 66. Kf1 Rf2+ 67. Kg1 Kf5 68. Ra8 $19 Rd2 69. Kf1 Ke4 70. Ra4+ $2 (70. Rg8 $17) 70... Rd4 71. Ra8 $1 Kd3 $2 (71... Rd1+ $19 {and Black stays clearly on top.} 72. Ke2 Rd2+ 73. Kf1 Rf2+ 74. Kg1 Kd5 75. Ra5+ Kd4 76. Ra4+ Ke5 77. Ra5+ Kd4) 72. Ra3+ $2 (72. Ke1 $17 {nothing else works.}) 72... Ke4 $2 (72... Kd2 $19 73. Ra2+ Kc3) 73. Ra8 Rc4 74. Rd8 Rb4 75. Rd7 Rb1+ 76. Ke2 Rb2+ 77. Kf1 Rf2+ 78. Kg1 f3 79. gxf3+ Kxf3 $2 (79... Rxf3 {NOTEXT} 80. Re7+ Kd3 81. Kg2 Rf2+ 82. Kg3 Rf1 83. Rd7+ Ke2 84. Re7 Kd2 85. Rd7+ Ke1 86. Kg2 e2 87. Rd5 Rf4 88. Rd7 Rg4+ 89. Kh3 Rg5 90. Kh2 Kf2 91. Rf7+ Ke3 92. Re7+ Kf3 93. Re8 Rg4 94. Kh3 Re4 95. Rxe4 Kxe4 96. Kh4 e1=Q+ 97. Kg5 Ke5 98. Kg4 Qe2+ 99. Kg3 Kf5 100. Kh3 Kf4 101. Kh4 Qh2#) 80. Ra7 $2 (80. Rf7+ $11 Ke2 81. Ra7) 80... Rb2 81. Rf7+ {[%emt 0:00:31] [#]} Ke2 $1 82. Rf1 Rd2 83. Kg2 Rd1 84. Kg1 Rd2 85. Kg2 Rd1 86. Rf7 Rd5 87. Rg7 Rf5 88. Rg6 Ke1 89. Ra6 {[%emt 0:00:19] [#]} Rg5+ $11 (89... Rd5 $1 {NOTEXT} 90. Ra1+ Rd1 91. Ra3 e2 92. Ra2 Rd8 93. Ra1+ Kd2 94. Ra2+ Ke3 95. Ra3+ Kd2 96. Ra2+ Ke3 97. Ra3+ Rd3 98. Ra1 Rd1 99. Ra3+ Kd4 100. Ra4+ Kc3 101. Ra3+ Kb4 102. Re3 e1=Q 103. Rxe1 Rxe1 104. Kf3 Kc3 105. Kg4 Re5 106. Kf4 Kd4 107. Kf3 Re4 108. Kf2 Rf4+ 109. Ke2 Rf8 110. Kd2 Rf2+ 111. Ke1 Ke3 112. Kd1 Rg2 113. Kc1 Kd3 114. Kb1 Kc3 115. Ka1 Kb3 116. Kb1 Rg1#) 90. Kf3 Re5 (90... e2 $5 91. Ra1+ $8 Kd2 92. Ra2+ Kd1 93. Rxe2 Rf5+ 94. Ke4 Kxe2 95. Kxf5 $11) 91. Ra1+ Kd2 92. Ra2+ Kd3 93. Ra3+ Kd2 94. Ra2+ Kd1 95. Ra1+ Kc2 96. Ra2+ 1/2-1/2

[Event "Istanbul Open 2017"]
[Site "Istanbul"]
[Date "2017.09.15"]
[Round "6"]
[White "Ozturk, Polat"]
[Black "Tarakci, Efdal"]
[Result "1/2-1/2"]
[ECO "D03"]
[WhiteElo "1763"]
[BlackElo "1714"]
[Annotator "NA RC"]
[PlyCount "127"]
[EventDate "2017.??.??"]
[EventType "swiss"]
[EventCountry "TUR"]
[SourceTitle "playchess.com"]
[Source "ChessBase"]
[SourceQuality "1"]
[TimeControl "5400+30"]

1. d4 Nf6 2. Bg5 d5 3. Nd2 Bf5 4. Ngf3 h6 5. Bf4 g5 6. Bg3 Nh5 7. e3 Nxg3 8. fxg3 Bg7 9. Bd3 Bxd3 10. cxd3 Nc6 11. O-O O-O 12. Nb3 e5 13. dxe5 Nxe5 14. Nxe5 Bxe5 15. d4 Bg7 16. Qg4 Qc8 17. Qxc8 Raxc8 18. Rf5 c6 19. Raf1 Rce8 20. Kf2 Re6 21. Nc5 Re7 22. Re1 Rfe8 23. Nb3 Kh7 24. g4 Kg6 25. Rf3 Re4 26. Nd2 R4e6 27. Rd1 Bf8 28. Nb3 Bd6 29. Ke2 Bf4 30. Rd3 R6e7 31. g3 Bd6 32. Rc3 h5 33. gxh5+ Kxh5 34. h3 g4 35. Rf5+ Kg6 36. hxg4 Bxg3 37. Rf3 Bd6 38. Rc1 Rh8 39. Rcf1 Rh2+ 40. Kd3 Bc7 41. R1f2 Rxf2 42. Rxf2 Kg5 43. Nd2 Kxg4 44. e4 Bf4 45. e5 Bxd2 46. Kxd2 f5 47. Ke3 c5 48. Rg2+ Kh3 49. Rg5 cxd4+ 50. Kxd4 f4 51. Kxd5 f3 52. e6 f2 53. Rf5 Kg2 54. Kd6 Re8 55. Kd7 Rg8 56. e7 f1=Q 57. Rxf1 Kxf1 58. e8=Q Rxe8 59. Kxe8 Ke2 60. Kd7 Kd3 61. Kc7 b5 62. Kc6 Kc4 63. b3+ Kb4 64. a3+ 1/2-1/2

[Event "Istanbul Open 2017"]
[Site "Istanbul"]
[Date "2017.09.15"]
[Round "6"]
[White "Portakalci, Yusuf"]
[Black "Ozbag, Berat"]
[Result "0-1"]
[ECO "A03"]
[WhiteElo "1671"]
[BlackElo "1638"]
[Annotator "NA RC"]
[PlyCount "62"]
[EventDate "2017.??.??"]
[EventType "swiss"]
[EventCountry "TUR"]
[SourceTitle "playchess.com"]
[Source "ChessBase"]
[SourceQuality "1"]
[TimeControl "5400+30"]

1. f4 d5 2. Nf3 g6 3. g3 Bg7 4. Bg2 Bg4 5. d3 Bxf3 6. Bxf3 c6 7. c3 Nf6 8. O-O Nbd7 9. Qc2 e5 10. fxe5 Nxe5 11. Bg2 O-O 12. Bf4 Re8 13. Nd2 Qb6+ 14. d4 Neg4 15. e4 dxe4 16. h3 e3 17. Nc4 Qa6 18. Nd6 e2 19. Nxe8 Rxe8 20. Rfe1 Nh6 21. g4 Nd5 22. Bxd5 cxd5 23. Qd2 g5 24. Be3 f5 25. gxf5 Nxf5 26. Rxe2 Nh4 27. Rf1 Qe6 28. Rff2 Qxh3 29. Bxg5 Qg4+ 30. Kh1 Qh3+ 31. Rh2 Qf1# 0-1

[Event "Istanbul Open 2017"]
[Site "Istanbul"]
[Date "2017.09.15"]
[Round "6"]
[White "Aydin, Ali Umut"]
[Black "Bagci, Hikmet"]
[Result "1/2-1/2"]
[ECO "B98"]
[WhiteElo "1627"]
[BlackElo "1706"]
[Annotator "NA RC"]
[PlyCount "58"]
[EventDate "2017.??.??"]
[EventType "swiss"]
[EventCountry "TUR"]
[SourceTitle "playchess.com"]
[Source "ChessBase"]
[SourceQuality "1"]
[TimeControl "5400+30"]

1. e4 c5 2. Nf3 d6 3. d4 cxd4 4. Nxd4 Nf6 5. Nc3 a6 6. Bg5 e6 7. f4 Be7 8. Qf3 Qc7 9. O-O-O O-O 10. g4 Nc6 11. Nxc6 bxc6 12. h4 Rb8 13. Bxf6 Bxf6 14. g5 Be7 15. h5 f6 16. g6 h6 17. f5 Qb6 18. b3 Rd8 19. fxe6 Qa5 20. Rd4 Qe5 21. Rd3 a5 22. Qg3 Qc5 23. Qe3 Qa3+ 24. Kb1 a4 25. Qa7 Rb7 26. Qxa4 Qc5 27. Qd4 Qa5 28. Qa4 Qc5 29. Qd4 Qa5 1/2-1/2

[Event "Istanbul Open 2017"]
[Site "Istanbul"]
[Date "2017.09.15"]
[Round "6"]
[White "Kabadayi, Suleyman Arda"]
[Black "Unalan, Kaan"]
[Result "1-0"]
[ECO "C64"]
[WhiteElo "1579"]
[BlackElo "1565"]
[Annotator "NA RC"]
[PlyCount "109"]
[EventDate "2017.??.??"]
[EventType "swiss"]
[EventCountry "TUR"]
[SourceTitle "playchess.com"]
[Source "ChessBase"]
[SourceQuality "1"]
[TimeControl "5400+30"]

1. e4 e5 2. Nf3 Nc6 3. Bb5 Bc5 4. O-O Nd4 5. Nxd4 Bxd4 6. c3 Bb6 7. d4 c6 8. Bc4 d6 9. dxe5 dxe5 10. Qxd8+ Bxd8 11. Be3 Nf6 12. f3 Bb6 13. Bf2 Ke7 14. Nd2 Be6 15. Bxe6 Bxf2+ 16. Kxf2 Kxe6 17. Rad1 Rad8 18. Nc4 b6 19. Ke3 h5 20. Rxd8 Rxd8 21. Rf2 h4 22. Rd2 Rxd2 23. Kxd2 Nh5 24. Ke3 Nf4 25. g3 hxg3 26. hxg3 Ng6 27. f4 exf4+ 28. gxf4 Ne7 29. f5+ Kd7 30. Ne5+ Ke8 31. Kf4 f6 32. Nf3 Kd7 33. e5 Nd5+ 34. Ke4 fxe5 35. Nxe5+ Kd6 36. Ng4 Nf6+ 37. Nxf6 gxf6 38. b4 a6 39. a4 a5 40. Kd4 c5+ 41. bxc5+ bxc5+ 42. Ke4 Kc6 43. c4 Kd6 44. Kf4 Kd7 45. Kg4 Kd6 46. Kh5 Ke5 47. Kg6 Kd4 48. Kxf6 Kxc4 49. Ke5 Kd3 50. f6 c4 51. f7 c3 52. f8=Q c2 53. Qc5 Kd2 54. Qxa5+ Kd1 55. Qc5 1-0

[Event "Istanbul Open 2017"]
[Site "Istanbul"]
[Date "2017.09.15"]
[Round "6"]
[White "Inciler, Yusuf Efe"]
[Black "Kilic, Eray"]
[Result "0-1"]
[ECO "B78"]
[WhiteElo "1494"]
[BlackElo "1727"]
[Annotator "NA RC"]
[PlyCount "52"]
[EventDate "2017.??.??"]
[EventType "swiss"]
[EventCountry "TUR"]
[SourceTitle "playchess.com"]
[Source "ChessBase"]
[SourceQuality "1"]
[TimeControl "5400+30"]

1. e4 c5 2. Nf3 Nc6 3. d4 cxd4 4. Nxd4 g6 5. Nc3 Bg7 6. Be3 Nf6 7. Bc4 O-O 8. Bb3 d6 9. f3 Bd7 10. Qd2 Rc8 11. O-O-O a5 12. h4 h5 13. Rdg1 Ne5 14. Ndb5 a4 15. Na7 axb3 16. Nxc8 bxa2 17. Nxe7+ Qxe7 18. Nxa2 Ra8 19. Kb1 Nc4 20. Qc3 Qe6 21. Bd4 Nd2+ 22. Kc1 Bh6 23. Be3 Ndxe4 24. fxe4 Nxe4 25. Qd4 Rxa2 26. b3 Bg7 0-1

[Event "Istanbul Open 2017"]
[Site "Istanbul"]
[Date "2017.09.11"]
[Round "7"]
[White "Zeydan, Salih"]
[Black "Kirali, Mehmet"]
[Result "1-0"]
[ECO "B11"]
[WhiteElo "2057"]
[BlackElo "1909"]
[Annotator "NA RC"]
[PlyCount "54"]
[EventDate "2017.??.??"]
[EventType "swiss"]
[EventCountry "TUR"]
[SourceTitle "playchess.com"]
[Source "ChessBase"]
[SourceQuality "1"]
[TimeControl "5400+30"]

1. e4 c6 2. Nc3 d5 3. Nf3 d4 4. Ne2 c5 5. Ng3 (5. c3 $14) 5... Nc6 {[%emt 0:01:30] LiveBook: 3 Partien B11: Caro-Kann: Two Knights Variation} 6. Bc4 e6 7. c3 $146 ({Predecessor:} 7. a3 Nf6 8. d3 Bd6 9. Qe2 Qc7 10. O-O O-O 11. Bd2 b6 12. b4 Nd7 13. Rab1 {½-½ (27) Priyadharshan,K (2462)-Menna Barreto,F (2275) Saint Louis 2015}) 7... Nge7 8. O-O a6 9. a3 (9. d3 $11) 9... b5 10. Ba2 Ng6 ({Black should play} 10... d3 $15) 11. d3 Be7 12. cxd4 Nxd4 13. Nxd4 Qxd4 14. Qe2 Bb7 15. Be3 Qd7 16. f4 O-O 17. Rad1 (17. f5 $16) 17... Rae8 (17... Nh4 $14) 18. f5 exf5 (18... Ne5 $16 {keeps fighting.}) 19. Nxf5 c4 20. dxc4 Qe6 21. Nxe7+ Nxe7 (21... Qxe7 $142 22. cxb5 Qxe4) 22. Bc5 Rc8 (22... b4 $142 23. axb4 Rd8) 23. b4 Rxc5 24. bxc5 Qc6 25. cxb5 Qxc5+ 26. Kh1 axb5 {[%emt 0:03:27] [#]} 27. Rxf7 Rxf7 1-0

[Event "Istanbul Open 2017"]
[Site "Istanbul"]
[Date "2017.09.11"]
[Round "7"]
[White "Bicer, Atakan Mert"]
[Black "Bai, Bashar"]
[Result "1-0"]
[ECO "D06"]
[WhiteElo "1842"]
[BlackElo "1918"]
[Annotator "NA RC"]
[PlyCount "101"]
[EventDate "2017.??.??"]
[EventType "swiss"]
[EventCountry "TUR"]
[SourceTitle "playchess.com"]
[Source "ChessBase"]
[SourceQuality "1"]
[TimeControl "5400+30"]

1. d4 d5 2. Bf4 Bf5 3. c4 e6 4. Nc3 c6 5. Qb3 {[%emt 0:00:30] D06: Queen's Gambit: Symmetrical and Baltic Defences} (5. e3 Bd6 6. Bxd6 Qxd6 7. Bd3 Bxd3 8. Qxd3 Nf6 9. cxd5 cxd5 10. Nf3 O-O 11. O-O Nc6 12. Rac1 Rac8 13. a3 a6 14. b4 b5 15. Rfd1 Rfd8 16. Ne2 Ne7 17. Rxc8 Rxc8 18. Rc1 Rxc1+ 19. Nxc1 Qc6 20. Ne2 Ne4 21. Nd2 Nxd2 22. Qxd2 {½-½ (22) Pogosyan,G (2375)-Viktorov,A (2414) Dubna 2016}) 5... Qb6 6. c5 Qxb3 7. axb3 Na6 8. e4 Bxe4 9. Nxe4 dxe4 10. Bxa6 bxa6 11. Rxa6 Nf6 12. Ne2 ({Weaker is} 12. Rxc6 Nd5 $15) 12... Nd5 13. Kd2 $146 ({Much worse is} 13. Rxc6 a6 $15) (13. O-O $16) ({Predecessor:} 13. Bg3 Nb4 14. Ra5 Nd3+ 15. Kd2 Be7 16. Rha1 Bf6 17. Ke3 e5 18. Kxe4 Nb4 {1-0 (18) Martin Martin,L (2024)-Lorenzo Bailador,A (1991) Madrid 2016}) 13... g5 (13... Rd8 $11) 14. Be5 ({But not} 14. Bxg5 $6 Rg8 $14) 14... f6 {[%emt 0:01:30] [#]} 15. Bg3 $1 Nb4 {[%emt 0:07:30] [#]} 16. Ra4 $1 a5 17. Rha1 Rd8 18. Rxa5 e5 {[%emt 0:03:30] [#]} 19. Ra8 $1 Be7 (19... Rxa8 {was necessary.} 20. Rxa8+ Kf7 21. dxe5 f5) 20. Rxd8+ Bxd8 21. Ra8 O-O (21... h5 $16) 22. Ra4 ({White should try} 22. dxe5 $18 Be7 23. Rxf8+ Bxf8 24. exf6) 22... Bc7 {[%emt 0:03:30] [#]} (22... h5 $16) 23. Nc3 $1 ({Weaker is} 23. Rxb4 Ba5 $15) 23... Nd5 $2 (23... exd4 24. Nxe4 (24. Bxc7 dxc3+ 25. bxc3 Nd3 $16) 24... Bxg3) 24. Nxd5 cxd5 25. Ra7 Rc8 26. b4 h5 27. h3 h4 28. Bh2 Kf8 29. b5 Ke8 30. b6 Bd8 31. b4 Rb8 32. dxe5 f5 33. g3 hxg3 34. Bxg3 d4 35. Rh7 f4 36. Bh2 Be7 37. Rh8+ Bf8 38. e6 Ke7 39. h4 Kxe6 $18 40. hxg5 e3+ 41. fxe3 dxe3+ 42. Ke2 Kf5 43. Rh4 f3+ 44. Kxf3 Re8 45. Rf4+ Kxg5 46. Rxf8 Rxf8+ 47. Kxe3 Rf7 48. c6 Kg4 49. b7 Rf3+ 50. Ke2 Rc3 51. b8=Q 1-0

[Event "Istanbul Open 2017"]
[Site "Istanbul"]
[Date "2017.09.11"]
[Round "7"]
[White "Kilic, Eray"]
[Black "Ozbag, Berat"]
[Result "1-0"]
[ECO "C51"]
[WhiteElo "1727"]
[BlackElo "1638"]
[Annotator "NA RC"]
[PlyCount "99"]
[EventDate "2017.??.??"]
[EventType "swiss"]
[EventCountry "TUR"]
[SourceTitle "playchess.com"]
[Source "ChessBase"]
[SourceQuality "1"]
[TimeControl "5400+30"]

1. e4 e5 2. Nf3 Nc6 3. Bc4 Bc5 4. b4 Bxb4 5. c3 Bd6 6. d4 Nf6 7. O-O O-O 8. Bg5 h6 9. Bh4 Re8 10. Re1 g6 11. Bd5 Be7 12. Bxc6 dxc6 13. Nxe5 Nd7 14. Bg3 Nxe5 15. Bxe5 Bd6 16. Bxd6 Qxd6 17. e5 Qd5 18. Nd2 Rd8 19. Ne4 Kg7 20. Nf6 Qc4 21. Qf3 Be6 22. Rab1 c5 23. d5 Bxd5 24. Nxd5 Qxd5 25. Qf6+ Kh7 26. e6 Qf5 27. Qxf5 gxf5 28. e7 Re8 29. Rxb7 Kg7 30. Rxc7 f6 31. Rxc5 Rad8 32. Rc7 Rd3 33. Rxa7 Rxc3 34. a4 Kf7 35. h3 Ra3 36. Re3 Ra1+ 37. Kh2 Ra2 38. f4 Rb2 39. a5 Ra2 40. a6 h5 41. Rb3 h4 42. Rb6 Kg6 43. Rd7 Kf7 44. Rdd6 Rg8 45. Rxf6+ Kxe7 46. Rg6 Rd8 47. Rb7+ Kf8 48. a7 Ra5 49. Rb8 Re8 50. Rh6 1-0

[Event "Istanbul Open 2017"]
[Site "Istanbul"]
[Date "2017.09.11"]
[Round "7"]
[White "Bagci, Hikmet"]
[Black "Kabadayi, Suleyman Arda"]
[Result "1-0"]
[ECO "B38"]
[WhiteElo "1706"]
[BlackElo "1579"]
[Annotator "NA RC"]
[PlyCount "67"]
[EventDate "2017.??.??"]
[EventType "swiss"]
[EventCountry "TUR"]
[SourceTitle "playchess.com"]
[Source "ChessBase"]
[SourceQuality "1"]
[TimeControl "5400+30"]

1. e4 c5 2. Nf3 g6 3. d4 cxd4 4. Nxd4 Bg7 5. c4 Nc6 6. Be3 Nf6 7. Nc3 O-O 8. Be2 d6 9. h3 Bd7 10. Qd2 Nxd4 11. Bxd4 Bc6 12. f3 a5 13. g4 e6 14. O-O-O Ne8 15. Bxg7 Kxg7 16. h4 h6 17. Kb1 Qe7 18. Rh3 Rd8 19. Qe3 Qc7 20. f4 f6 21. f5 exf5 22. gxf5 gxf5 23. Rg1+ Kh7 24. exf5 Bd7 25. Qf4 Qc5 26. Rf1 Ng7 27. Bd3 Rde8 28. Qg4 h5 29. Qg6+ Kg8 30. Nd5 Qd4 31. Rg3 Rf7 32. Qxh5 Bc6 33. Rfg1 Re5 34. Nxf6+ 1-0

[Event "Istanbul Open 2017"]
[Site "Istanbul"]
[Date "2017.09.11"]
[Round "7"]
[White "Aslan, Nevzat"]
[Black "Ozen, Medeni"]
[Result "0-1"]
[ECO "C95"]
[WhiteElo "1681"]
[BlackElo "1718"]
[Annotator "NA RC"]
[PlyCount "70"]
[EventDate "2017.??.??"]
[EventType "swiss"]
[EventCountry "TUR"]
[SourceTitle "playchess.com"]
[Source "ChessBase"]
[SourceQuality "1"]
[TimeControl "5400+30"]

1. e4 e5 2. Nf3 Nc6 3. Bb5 a6 4. Ba4 Nf6 5. O-O Be7 6. Re1 b5 7. Bb3 d6 8. c3 O-O 9. d4 Nb8 10. h3 Nbd7 11. Nbd2 c5 12. Nf1 cxd4 13. cxd4 exd4 14. Nxd4 Nc5 15. Bc2 Bb7 16. Ng3 g6 17. b4 Ncd7 18. Bb2 Ne5 19. Rc1 Rc8 20. Qe2 Re8 21. Bb3 Qb6 22. Kh2 Rxc1 23. Rxc1 Bf8 24. f3 Bh6 25. Rd1 Bf4 26. Qc2 Rc8 27. Qb1 Nh5 28. Nde2 Qf2 29. Nxf4 Qxg3+ 30. Kh1 Nxf4 31. Rd2 Nxf3 32. gxf3 Qxf3+ 33. Kg1 Qg3+ 34. Kh1 Qf3+ 35. Kg1 Qe3+ 0-1

[Event "Istanbul Open 2017"]
[Site "Istanbul"]
[Date "2017.09.11"]
[Round "7"]
[White "Adanmis, Ezgi"]
[Black "Aydin, Ali Umut"]
[Result "1-0"]
[ECO "C01"]
[WhiteElo "1626"]
[BlackElo "1627"]
[Annotator "NA RC"]
[PlyCount "99"]
[EventDate "2017.??.??"]
[EventType "swiss"]
[EventCountry "TUR"]
[SourceTitle "playchess.com"]
[Source "ChessBase"]
[SourceQuality "1"]
[TimeControl "5400+30"]

1. e4 e6 2. d4 d5 3. exd5 exd5 4. Bd3 Nc6 5. Nf3 Bd6 6. O-O Bg4 7. Re1+ Nge7 8. c3 Qd7 9. Nbd2 O-O-O 10. b4 Ng6 11. Qa4 Rde8 12. Bb2 a6 13. b5 Na7 14. Ne5 Bxe5 15. dxe5 Nxe5 16. Rxe5 Rxe5 17. Qd4 Qe6 18. Qxa7 Be2 19. Bxe2 Rxe2 20. bxa6 bxa6 21. Qd4 Re8 22. g3 Qh3 23. Rf1 R8e6 24. Ba3 Rxd2 25. Qxd2 Rh6 26. f3 Qe6 27. Bc5 Qc6 28. Bd4 Qc4 29. Qf4 Qxa2 30. Rf2 Qb1+ 31. Kg2 Qg6 32. Qg4+ f5 33. Qf4 Qh5 34. h4 Re6 35. Bxg7 Qg6 36. Be5 Rc6 37. Qa4 Rc4 38. Qa5 Qe6 39. Bd4 h5 40. Qa2 f4 41. Re2 Qg6 42. Bf2 fxg3 43. Bxg3 Rxh4 44. Qxd5 Ra4 45. Qa8+ Kd7 46. Rd2+ Ke7 47. Re2+ Kd7 48. Qd5+ Kc8 49. Re6 Qg8 50. Qa8+ 1-0

[Event "Istanbul Open 2017"]
[Site "Istanbul"]
[Date "2017.09.11"]
[Round "7"]
[White "Toksan, Hayati"]
[Black "Sar, Can"]
[Result "0-1"]
[ECO "B35"]
[WhiteElo "1454"]
[BlackElo "1669"]
[Annotator "NA RC"]
[PlyCount "124"]
[EventDate "2017.??.??"]
[EventType "swiss"]
[EventCountry "TUR"]
[SourceTitle "playchess.com"]
[Source "ChessBase"]
[SourceQuality "1"]
[TimeControl "5400+30"]

1. e4 c5 2. Nf3 g6 3. Nc3 Bg7 4. d4 cxd4 5. Nxd4 Nc6 6. Be3 Nf6 7. f3 O-O 8. Bc4 Qb6 9. Ncb5 a6 10. Nf5 Qd8 11. Nh6+ Bxh6 12. Bxh6 axb5 13. Bxf8 Kxf8 14. Be2 Qa5+ 15. c3 Qb6 16. a3 d6 17. Qb3 b4 18. cxb4 Nd4 19. Qc3 Bd7 20. Rd1 e5 21. Rc1 Bc6 22. Bd1 Kg7 23. a4 Bxa4 24. Ra1 Bxd1 25. Rxa8 Ba4 26. Rxa4 Qb5 27. Qd2 Qxa4 28. O-O Qb5 29. g3 h5 30. Kg2 Nc6 31. Qxd6 Nxb4 32. Qd2 Nc6 33. Ra1 Nd4 34. Ra5 Qb3 35. Ra3 Qc4 36. Rc3 Qb4 37. Rd3 Qa4 38. h3 Qc6 39. Qc3 Qe6 40. Re3 b5 41. Qa5 Qc6 42. Rc3 Qd6 43. Rc8 Nc6 44. Qc3 Nd4 45. Qc5 Ne8 46. Qa7 Qe6 47. Qb8 Kf8 48. Qa8 b4 49. Rc5 Qe7 50. Qd5 f6 51. f4 Ne6 52. Rc2 exf4 53. g4 h4 54. Re2 Ng5 55. Re1 f3+ 56. Kf2 Qa7+ 57. Re3 Nxh3+ 58. Kxf3 Ng5+ 59. Ke2 Qa6+ 60. Kd2 Qd6 61. Qxd6+ Nxd6 62. e5 Nc4+ 0-1

[Event "Istanbul Open 2017"]
[Site "Istanbul"]
[Date "2017.09.16"]
[Round "8"]
[White "Darban, Morteza"]
[Black "Bashirli, Nail"]
[Result "1-0"]
[ECO "B67"]
[WhiteElo "2300"]
[BlackElo "2352"]
[Annotator "ChessBase"]
[PlyCount "93"]
[EventDate "2017.??.??"]
[EventType "swiss"]
[EventCountry "TUR"]
[SourceTitle "playchess.com"]
[Source "ChessBase"]
[SourceQuality "1"]
[TimeControl "5400+30"]

1. e4 c5 2. Nc3 d6 3. Nge2 Nc6 4. d4 cxd4 5. Nxd4 Nf6 6. Bg5 e6 7. Qd2 a6 8. O-O-O Bd7 9. f3 b5 10. Kb1 Qc7 11. Bxb5 axb5 12. Ndxb5 Qb8 13. Nxd6+ Bxd6 14. Qxd6 Qxd6 15. Rxd6 Ne7 16. Rhd1 Bc6 17. Ne2 Rc8 18. Nd4 h6 19. Nxc6 Nxc6 20. Be3 O-O 21. b3 Ne8 22. Rd7 Nc7 23. c4 e5 24. a3 Ne6 25. R1d5 Rfe8 26. Kb2 g5 27. Bb6 Kg7 28. a4 h5 29. Kc3 g4 30. b4 Ncd4 31. b5 gxf3 32. gxf3 Nxf3 33. a5 Neg5 34. Rd8 Nxe4+ 35. Kb4 Nf6 36. Rd1 e4 37. Rxe8 Nxe8 38. a6 Kg6 39. Rd8 Rxd8 40. Bxd8 e3 41. Bb6 e2 42. Bf2 Nd6 43. a7 Ne4 44. a8=Q Nxf2 45. Qc6+ Kg7 46. Qxf3 e1=Q+ 47. Qc3+ 1-0

[Event "Istanbul Open 2017"]
[Site "Istanbul"]
[Date "2017.09.16"]
[Round "8"]
[White "Karaokcu, Erkin"]
[Black "Iyti, Basher"]
[Result "0-1"]
[ECO "A11"]
[WhiteElo "2206"]
[BlackElo "2303"]
[Annotator "NA"]
[PlyCount "26"]
[EventDate "2017.??.??"]
[EventType "swiss"]
[EventCountry "TUR"]
[SourceTitle "playchess.com"]
[Source "ChessBase"]
[SourceQuality "1"]
[TimeControl "5400+30"]

1. Nf3 Nf6 2. c4 c6 3. g3 d5 4. Bg2 g6 5. Qa4 d4 6. b4 Bg7 7. Bb2 $11 Nfd7 8. e3 e5 9. exd4 exd4 10. O-O O-O 11. Na3 a5 12. Nc2 Nb6 13. Qb3 a4 0-1

[Event "Istanbul Open 2017"]
[Site "Istanbul"]
[Date "2017.09.16"]
[Round "8"]
[White "Grigoriev, Armen"]
[Black "Alaz, Ahmet Efekan"]
[Result "1-0"]
[ECO "A12"]
[WhiteElo "2143"]
[BlackElo "2053"]
[Annotator "ChessBase"]
[PlyCount "127"]
[EventDate "2017.??.??"]
[EventType "swiss"]
[EventCountry "TUR"]
[SourceTitle "playchess.com"]
[Source "ChessBase"]
[SourceQuality "1"]
[TimeControl "5400+30"]

1. c4 c6 2. Nf3 d5 3. e3 Nf6 4. b3 Bg4 5. Bb2 Nbd7 6. Be2 e6 7. d3 Be7 8. Nbd2 Qc7 9. Rc1 O-O 10. Rc2 a5 11. a3 Rfe8 12. Qa1 Rad8 13. O-O h6 14. Rfc1 Qb8 15. Bc3 Qa7 16. Bf1 Bf5 17. Bd4 Qb8 18. cxd5 exd5 19. Re1 Bd6 20. Rcc1 Bh7 21. g3 Ne5 22. Nxe5 Bxe5 23. b4 axb4 24. axb4 Nd7 25. Bxe5 Qxe5 26. d4 Qd6 27. Qc3 Ra8 28. Ra1 Bf5 29. Rec1 Nf6 30. b5 Rxa1 31. Qxa1 cxb5 32. Bxb5 Qb4 33. Bxe8 Qxd2 34. Rd1 Qe2 35. Re1 Qf3 36. Qd1 Qxd1 37. Bxf7+ Kxf7 38. Rxd1 Ke7 39. f3 Kd6 40. g4 Bg6 41. Ra1 Bd3 42. Kf2 Nd7 43. Ke1 b5 44. Kd2 Bc4 45. Ra6+ Ke7 46. Ra7 b4 47. e4 Ke8 48. e5 g5 49. Rb7 b3 50. Ke3 Nf8 51. f4 gxf4+ 52. Kxf4 Ne6+ 53. Kf5 Nxd4+ 54. Kf6 Nc6 55. Rb6 Nd4 56. h4 Bb5 57. e6 Nxe6 58. Rxb5 Nd4 59. Rxd5 b2 60. Re5+ Kf8 61. Re1 Nf3 62. Rb1 Nxh4 63. Rxb2 Kg8 64. Rh2 1-0